 Dungeon Crawl Stone Soup version 0.28.0-45-g0d030f2227 (webtiles) character file.

Game seed: 11405754394090582465

506 MisterFreud the Poker (level 7, -9/62 HPs)
             Began as a Naga Fighter on May 15, 2022.
             Killed by divine providence
             ... invoked by an orc priest
              (15 damage)
             ... on level 4 of the Dungeon.
             The game lasted 00:04:53 (4833 turns).

MisterFreud the Poker (Naga Fighter)                Turns: 4833, Time: 00:04:54

Health: -9/62      AC:  6    Str: 21    XL:     7   Next: 18%
Magic:  7/7        EV:  7    Int:  8    God:
Gold:   105        SH:  5    Dex: 10    Spells: 6/6 levels left

rFire   . . .      SeeInvis +   a - +1 trident
rCold   . . .      Faith    .   c - +1 buckler
rNeg    . . .      Spirit   .   b - +0 scale mail
rPois   +          Reflect  .   (no helmet)
rElec   .          Harm     .   (no cloak)
rCorr   .          Rampage  .   (no gloves)
Will    .....                   (no barding)
Stlth   ..........              (no amulet)
HPRegen 0.20/turn               (no ring)
MPRegen 0.10/turn               (no ring)

@: very slow
A: AC +2, large, see invisible, deformed body, poison resistance, slowness 2,
spit poison 1, naga tail 1
a: Spit Poison


You were on level 4 of the Dungeon.
You visited 1 branch of the dungeon, and saw 4 of its levels.
You also visited: Sewer.

You collected 105 gold pieces.

Inventory:

Hand Weapons
 a - a +1 trident (weapon)
Missiles
 h - 6 javelins
Armour
 b - a +0 scale mail (worn)
 c - a +1 buckler (worn)
Scrolls
 e - 2 scrolls of noise {unknown}
 f - a scroll of enchant armour
 j - 2 scrolls of teleportation
 l - a scroll of identify
Potions
 d - 4 potions of might
 g - a potion of curing
 i - 2 potions of degeneration {unknown}
 k - a potion of mutation {unknown}


   Skills:
 - Level 3.1 Fighting
 + Level 7.3 Polearms
 - Level 2.6 Armour
 - Level 2.5 Shields


You had 6 spell levels left.
You didn't know any spells.
Your spell library contained the following spells:

 Spells                   Type           Power      Damage    Failure   Level
 Ozocubu's Armour         Ice            0%         N/A       99%         3
 Ozocubu's Refrigeration  Ice            0%         4d5       100%        7


Dungeon Overview and Level Annotations

Branches:
Dungeon (4/15)              Sewer (visited)
 Temple: D:4-7

Altars:
Okawaru
Yredelemnul


Innate Abilities, Weirdness & Mutations

Your serpentine skin is tough. (AC +2)
You have supernaturally acute eyesight. (SInv)
Armour fits poorly on your strangely shaped body.
Your system is resistant to poisons. (rPois)
You cover ground very slowly.
You can spit poison.
You have a snake-like lower body.


Message History

An orc priest comes into view. It is wielding a +0 flail.
The orc priest shouts!
The orc priest mumbles some strange prayers to Beogh against you.
You resist with significant effort.
You are too injured to fight recklessly!
Aiming: Spit Poison (1% risk of failure)
Press: ? - help, Shift-Dir - straight line, f - orc priest
Aim: an orc priest, wielding a +0 flail and wearing a +0 ring mail (65% to hit)
The splash of poison misses the orc priest.
The orc priest hits you but does no damage.
You hit the orc priest.
The orc priest is moderately wounded.
The orc priest hits you with a +0 flail.
* * * LOW HITPOINT WARNING * * *
You barely miss the orc priest.
The orc priest is moderately wounded.
The orc priest hits you but does no damage.
You hit the orc priest.
The orc priest is moderately wounded.
The orc priest miscasts a cantrip.
You hit the orc priest.
The orc priest is heavily wounded.
You have got your breath back.
The orc priest closely misses you.
You closely miss the orc priest.
The orc priest is heavily wounded.
The orc priest calls down the wrath of Beogh upon you.
Pain shoots through your body!
* * * LOW HITPOINT WARNING * * *
You hit the orc priest.
The orc priest is severely wounded.
The orc priest calls down the wrath of Beogh upon you.
Beogh smites you!
* * * LOW HITPOINT WARNING * * *
You hear a shout!
You barely miss the orc priest.
The orc priest is severely wounded.
The orc priest mumbles some strange prayers to Beogh against you.
Beogh smites you!
You die...

.. ♣.♣.....#
#...♣..†#..#####
.................
########.........
##........ ###).......
#.......... #.o........
#.@........ .
###..........
.############............
........................#
...........#..#.........#
...<.#######.##.........#
..##..).................#
. #####................#
.................#######


You could see an orc priest.

Vanquished Creatures
  An orc warrior (D:4)
  An ogre (D:3)
  2 orc priests (D:3)
  An iguana (D:4)
  8 adders
  6 river rats (Sewer)
  An adder skeleton (D:4)
  A worm (D:3)
  3 dart slugs
  12 orcs
  11 ball pythons
  3 endoplasms
  A giant cockroach (D:1)
  7 goblins
  5 hobgoblins
  6 jackals (Sewer)
  3 quokkas (D:3)
  6 bats
  9 frilled lizards
  6 kobolds
  12 rats
105 creatures vanquished.

Vanquished Creatures (others)
  A fungus (D:2)
  14 plants
15 creatures vanquished.

Grand Total: 120 creatures vanquished

Notes
Turn   | Place    | Note
-------+----------+-------------------------------------------
     0 | D:1      | MisterFreud the Naga Fighter began the quest for the Orb.
     0 | D:1      | Reached XP level 1. HP: 21/21 MP: 1/1
   335 | D:1      | Reached XP level 2. HP: 28/28 MP: 2/2
   894 | D:2      | Reached XP level 3. HP: 34/34 MP: 3/3
   944 | D:2      | Reached skill level 3 in Polearms
  1496 | D:2      | Reached XP level 4. HP: 42/42 MP: 4/4
  1553 | D:2      | You fall into a shaft and drop 1 floor!
  1566 | D:3      | Reached skill level 4 in Polearms
  1728 | D:3      | Found a glowing drain.
  1737 | Sewer    | Entered a sewer
  1935 | Sewer    | Reached XP level 5. HP: 40/49 MP: 5/5
  2401 | Sewer    | Reached skill level 5 in Polearms
  3070 | D:3      | Reached XP level 6. HP: 48/56 MP: 6/6
  3139 | D:3      | Reached skill level 6 in Polearms
  3338 | D:2      | Found a faded altar of an unknown god.
  3719 | D:3      | Found a basalt altar of Yredelemnul.
  4737 | D:4      | Found an iron altar of Okawaru.
  4807 | D:4      | Noticed an orc warrior
  4820 | D:4      | Killed an orc warrior
  4821 | D:4      | Reached skill level 7 in Polearms
  4821 | D:4      | Reached XP level 7. HP: 16/62 MP: 7/7
  4833 | D:4      | Killed from afar by an orc priest

Illustrated notes

Levels and vault maps discovered:
D:1:      dpeg_arrival_shelter, layout_basic
D:2:      layout_basic, dreamdust_ecumenical_altar_grove
D:3:      layout_basic, yredelemnul_altar_generic, portal_sewer_entry_d,
          minmay_fountain_box
D:4:      layout_rooms, okawaru_trees_2, amcnicky_mini_corridor_feature

Skill      XL: |  1  2  3  4  5  6 |
---------------+-------------------+-----
Polearms       | 3 4 5 7 |  7.3
Fighting       | |  3.1
Armour         | |  2.6
Shields        | |  2.5

Action                   |  1- 3 |  4- 6 |  7- 9 || total
-------------------------+-------+-------+-------++-------
Melee: Trident           |    84 |   197 |     7 ||   288
 Abil: Spit Poison       |    24 |    46 |     1 ||    71
  Use: Scroll            |       |     5 |       ||     5
Armor: Scale mail        |    28 |    79 |     2 ||   109
Dodge: Dodged            |    24 |    59 |     1 ||    84
Block: Buckler           |    16 |    38 |       ||    54
